 Dungeon Sprint DCSS version 0.25-a0-766-g0ecfff5982 (webtiles) character file.

Game seed: 2124630274855071122, levelgen mode: deterministic

7 Caerthir the Ducker (level 1, 0/16 HPs)
             Began as a Demonspawn Gladiator on Apr 13, 2020.
             Slain by an orc wizard
             ... wielding a +0 dagger
              (2 damage)
             ... in the Dungeon (Sprint IX: "|||||||||||||||||||||||||||||").
             The game lasted 00:00:20 (164 turns).

Caerthir the Ducker (Demonspawn Gladiator)           Turns: 164, Time: 00:00:20

Health: 0/16       AC:  4    Str: 14    XL:     1   Next: 83%
Magic:  1/1        EV: 13    Int:  9    God:
Gold:   0          SH:  0    Dex: 14    Spells: 0/0 levels left

rFire    . . .     SeeInvis .   a - +0 long sword
rCold    . . .     Gourm    .   (no shield)
rNeg     . . .     Faith    .   b - +0 leather armour
rPois    .         Spirit   .   c - +0 helmet
rElec    .         Reflect  .   (no cloak)
rCorr    .         Harm     .   (no gloves)
MR       .....     NoTele   +   (no boots)
Stlth    +.........             (no amulet)
HPRegen  0.05/turn              (no ring)
MPRegen  0.07/turn              (no ring)

@: confused
A: no striking features
a: no special abilities


You were in the Dungeon.
You were not hungry.

You visited 1 branch

Inventory:

Hand Weapons
 a - a +0 long sword (weapon)
Missiles
 d - 3 throwing nets (quivered)
Armour
 b - a +0 leather armour (worn)
 c - a +0 helmet (worn)
Scrolls
 k - a scroll of blinking
Potions
 e - a potion of curing
 g - a potion of heal wounds
 h - a potion of haste
 i - 2 potions of magic
 j - a potion of berserk rage
Comestibles
 f - a ration


   Skills:
 + Level 2.2 Fighting
 + Level 3.4 Long Blades
 + Level 2.0 Throwing
 + Level 3.5 Dodging


You couldn't memorise any spells.
You didn't know any spells.
Your spell library was empty.

Dungeon Overview and Level Annotations

Branches:
Dungeon (1/1)

Altars:


Message History

The crimson imp is moderately wounded.
The howler monkey hoots and howls with incredible vigour!
The crimson imp hits you but does no damage.
You hear some strange, mumbled words.
Something tries to affect you, but you resist.
The crimson imp hits you. Something hits you but does no damage.
Your leather armour prevents you from hitting the crimson imp.
The crimson imp is moderately wounded.
The crimson imp hits you. Something hits you.
You bump into the unnaturally hard rock wall.
The crimson imp hits you.
You hear some strange, mumbled words.
A magic dart appears from out of thin air!
The magic dart hits you.
* * * LOW HITPOINT WARNING * * *
You bump into the unnaturally hard rock wall.
The crimson imp hits you.
* * * LOW HITPOINT WARNING * * *
Something hits you.
You die...

▓+▓
▓.▓
▓.▓
▓S▓
▓s▓
▓h▓
▓{▓
▓@▓
▓5▓
▓.▓
▓.▓
▓.▓
▓)▓
▓.▓
▓.▓
▓.▓


You could see a water moccasin, a howler monkey, a crimson imp and a giant
cockroach.

Vanquished Creatures
  4 hobgoblins (D)
  A jackal (D)
5 creatures vanquished.

Notes
Turn   | Place    | Note
-------+----------+-------------------------------------------
     0 | D        | Caerthir the Demonspawn Gladiator began the quest for the
                  | Orb.
     0 | D        | Reached XP level 1. HP: 16/16 MP: 1/1
   142 | D        | Noticed a water moccasin
   142 | D        | Noticed a howler monkey
   142 | D        | Noticed an orc wizard
   142 | D        | Noticed a crimson imp
   164 | D        | Slain by an orc wizard

Levels and vault maps discovered:
D:        linesprint [early_d, line_temple, items_1, d_10, items_2, lair_1,
          lair_end, items_3, orc_1, orc_end, items_4, d_15, swamp_1, shoals_1,
          snake_1, spider_1, d_20, vaults_1, items_5, swamp_end, shoals_end,
          snake_end, spider_end, vaults_end, d_27, items_6, zot_1, zot_end,
          crypt_end, forest_end, elf_end, slime_end, tomb_end, abyss_end,
          pan_hell_end]

Skill      XL: |  1 |
---------------+----+-----
Long Blades    | 3 |  3.4
Dodging        | 3 |  3.5
Throwing       | 2 |  2.0
Fighting       | |  2.2

Action                   || total
-------------------------++-------
Melee: Long sword        ||    36
Armor: Leather armour    ||    13
Dodge: Dodged            ||    23
       Rpst.: Long sword ||     6

Table legend:
 A = Non-vault XP
 B = Vault XP
 C = Vault XP percentage of total XP
 D = Non-vault monster count
 E = Vault monster count
 F = Vault count percentage of total count
                 A         B        C        D         E       F
            +---------+---------+-------+---------+---------+-------
      Total |       0 |      10 | 100.0 |       0 |       5 | 100.0
            +---------+---------+-------+---------+---------+-------
          D |       0 |      10 | 100.0 |       0 |       5 | 100.0
            +---------+---------+-------+---------+---------+-------
